 Dungeon Crawl Stone Soup version 0.28-a0-957-g42eb19b844 (webtiles) character file.

Game seed: 5687826092306843685

369 kae the Distorting Demonspawn (level 6, -1/49 HPs)
             Began as a Demonspawn Abyssal Knight on Nov 30, 2021.
             Was a Believer of Lugonu.
             Slain by a killer bee (3 damage)
             ... on level 4 of the Dungeon.
             The game lasted 00:02:23 (4923 turns).

kae the Distorting Demonspawn (DsAK)                Turns: 4923, Time: 00:02:24

Health: -1/49      AC: 10    Str: 16    XL:     6   Next: 41%
Magic:  9/9        EV: 13    Int: 11    God:    Lugonu [**....]
Gold:   27         SH:  0    Dex: 13    Spells: 5/5 levels left

rFire   . . .      SeeInvis .   a - +2 mace
rCold   . . .      Faith    .   (no shield)
rNeg    . . .      Spirit   .   b - +0 leather armour
rPois   .          Reflect  .   (helmet restricted)
rElec   .          Harm     .   q - +0 cloak
rCorr   .          Rampage  .   (no gloves)
Will    .....                   r - +1 pair of boots
Stlth   +.........              (no amulet)
HPRegen 0.16/turn               g - +4 ring of protection
MPRegen 0.11/turn               (no ring)

@: mighty, lethally poisoned (-1 -> -11)
A: antennae 1, repulsion field 1, foul stench 1
a: Renounce Religion, Depart the Abyss, Bend Space


You were on level 4 of the Dungeon.
You worshipped Lugonu.
Lugonu was pleased with you.
You visited 1 branch of the dungeon, and saw 4 of its levels.
You visited the Abyss 1 time.

You collected 183 gold pieces.
You spent 156 gold pieces at shops.

Inventory:

Hand Weapons
 a - a +2 mace (weapon)
Armour
 b - a +0 leather armour (worn)
 q - a +0 cloak (worn)
 r - a +1 pair of boots (worn)
Jewellery
 g - a +4 ring of protection (left hand)
Scrolls
 k - a scroll of fog {unknown}
 l - a scroll of identify
Potions
 c - a potion of mutation
 e - 2 potions of haste {unknown}
 f - a potion of invisibility {unknown}
 h - 4 potions of curing
 i - 2 potions of brilliance
 j - a potion of berserk rage {unknown}
 n - a potion of resistance {unknown}
 o - 3 potions of heal wounds
 u - a potion of attraction {unknown}


   Skills:
 + Level 4.4 Fighting
 * Level 4.6 Maces & Flails
 - Level 1.7 Armour
 - Level 0.8 Dodging
 + Level 4.9 Invocations


You had 5 spell levels left.
You didn't know any spells.
Your spell library contained the following spells:

 Spells                   Type           Power      Damage    Failure   Level
 Static Discharge         Conj/Air       0%         N/A       54%         2
 Frozen Ramparts          Ice            0%         1d2       78%         3
 Ice Form                 Ice/Tmut       0%         N/A       99%         4
 Summon Ice Beast         Ice/Summ       0%         N/A       99%         4
 Iskenderun's Battlesphe  Conj           0%         2d6       100%        5
 Lightning Bolt           Conj/Air       0%         1d11      100%        5
 Iron Shot                Conj/Erth      0%         9d1       100%        6
 Spellforged Servitor     Conj/Summ      0%         N/A       100%        7
 Maxwell's Capacitive Co  Air            0%         ∞         100%        8


Dungeon Overview and Level Annotations

Branches:
Dungeon (4/15)
 Temple: D:4-7

Altars:

Shops:
D:2 !

Annotations:
D:3 1 runed translucent door, tsouns's ghost, amateur OpWz


Innate Abilities, Weirdness & Mutations

You have a pair of small antennae on your head.
You are surrounded by a mild repulsion field. (EV +2)
You may rarely emit foul miasma when damaged in melee.


Message History

The killer bee closely misses you. The killer bee misses you.
You bludgeon the killer bee!!
You kill the killer bee!
Lugonu accepts your kill.
You feel sick. The killer bee completely misses you. The killer bee stings you.
The killer bee stings you but does no damage.
You closely miss the killer bee.
You feel sick.
The killer bee stings you but does no damage. x2
You sock the killer bee!
The killer bee is heavily wounded.
You feel sick. The killer bee barely misses you. The killer bee stings you.
You closely miss the killer bee.
The killer bee is heavily wounded.
You feel sick. The killer bee stings you. The killer bee misses you.
The killer bee barely misses you.
You closely miss the killer bee.
The killer bee is heavily wounded.
You feel sick.
You are no longer poisoned.
The killer bee stings you but does no damage.
The killer bee barely misses you.
You closely miss the killer bee.
The killer bee is heavily wounded.
The killer bee barely misses you. The killer bee stings you.
You are poisoned.
The killer bee poisons you!
You barely miss the killer bee.
The killer bee is heavily wounded.
You feel sick. The killer bee closely misses you. The killer bee stings you.
* * * LOW HITPOINT WARNING * * *
The killer bee stings you.
* * * LOW HITPOINT WARNING * * *
You are more poisoned.
The killer bee poisons you!
You barely miss the killer bee.
The killer bee is heavily wounded.
* * * LOW HITPOINT WARNING * * *
You feel very sick. The killer bee closely misses you.
The killer bee stings you.
You die...

#...........#
##..........##
#...........##
##............##
#......######..##
##..##### ##..##
#...# #####..# #..##
######...†#y#
#..####.........@##
..##.............#
..##.............##
..###.......>.....#
...##.............#
....#.............#
.#.#.#(#..........##
...................#
.##+##.#...........#


You could see a killer bee.

Vanquished Creatures
  A sky beast (D:3)
  A scorpion (D:4)
  A killer bee (D:4)
  An orc wizard (D:3)
  A hound skeleton (D:4)
  5 adders
  An adder skeleton (D:4)
  3 worms
  5 orcs (D:3)
  6 endoplasms
  3 giant cockroaches
  7 goblins
  6 hobgoblins
  6 jackals
  4 kobolds
  2 quokkas
  5 ball pythons
  9 bats
  A frilled lizard (D:3)
  5 rats
73 creatures vanquished.

Notes
Turn   | Place    | Note
-------+----------+-------------------------------------------
     0 | Abyss:1  | kae the Demonspawn Abyssal Knight began the quest for the
                  | Orb.
     0 | Abyss:1  | Reached XP level 1. HP: 18/18 MP: 2/2
    77 | Abyss:1  | Noticed a large abomination
    78 | D:1      | Escaped the Abyss
   108 | D:1      | Reached * piety under Lugonu
   418 | D:1      | Found a faded altar of an unknown god.
   593 | D:1      | Gained mutation: You may rarely emit foul miasma when
                  | damaged in melee. [demonic ancestry]
   593 | D:1      | Reached XP level 2. HP: 24/24 MP: 4/4
  1099 | D:2      | Found Puemmimi's Distillery.
  1107 | D:2      | Bought a potion of brilliance for 52 gold pieces
  1170 | D:2      | Reached XP level 3. HP: 15/29 MP: 5/5
  2388 | D:2      | Reached XP level 4. HP: 35/35 MP: 6/6
  2597 | D:2      | Bought a potion of curing for 39 gold pieces
  2790 | D:3      | Reached ** piety under Lugonu
  2971 | D:3      | Noticed a sky beast
  3209 | D:3      | Killed a sky beast
  3210 | D:3      | Gained mutation: You have a pair of small antennae on your
                  | head. [demonic ancestry]
  3210 | D:3      | Reached XP level 5. HP: 19/42 MP: 6/8
  3408 | D:3      | Found a runed translucent door.
  3427 | D:3      | Noticed tsouns's ghost (amateur OpWz)
  4298 | D:4      | Gained mutation: You are surrounded by a mild repulsion
                  | field. (EV +2) [demonic ancestry]
  4298 | D:4      | Reached XP level 6. HP: 41/48 MP: 9/9
  4362 | D:2      | Bought a potion of heal wounds for 65 gold pieces
  4923 | D:4      | HP: 2/49 [poisoned by a killer bee]
  4923 | D:4      | Slain by a killer bee

Illustrated notes

Levels and vault maps discovered:
D:1:      mrwooster_arrival_arrow, layout_loops_ring,
          shapermc_ecumenical_altar_totnotflames
D:2:      layout_basic, serial_shops, nicolae_diamond_shop, minmay_ruptured
D:3:      layout_basic, gammafunk_ghost_grave
D:4:      layout_cave_pods, minmay_misc_feat_doors

Skill      XL: |  1  2  3  4 |
---------------+-------------+-----
Maces & Flails | 2 3 4 |  4.6
Invocations    | 3 4 |  4.9
Fighting       | 4 |  4.4
Armour         | |  1.7
Dodging        | |  0.8

Action                   |  1- 3 |  4- 6 || total
-------------------------+-------+-------++-------
Melee: Mace              |   111 |   122 ||   233
Invok: Depart the Abyss  |     1 |       ||     1
  Use: Scroll            |       |     9 ||     9
       Potion            |       |     1 ||     1
 Stab: Sleeping          |     1 |       ||     1
Armor: Leather armour    |    56 |    67 ||   123
Dodge: Dodged            |    90 |   104 ||   194

Table legend: (Time is in decaauts)
 A = Elapsed time spent in this place.
 B = Non-inter-level travel time spent in this place.
 C = Inter-level travel time spent in this place.
 D = Time resting spent in this place.
 E = Time spent auto-exploring this place.
 F = Levels seen in this place.
 G = Mean time per level.
                   A        B        C        D        E       F      G
               +--------+--------+--------+--------+--------+-----+--------+
         Total |   4981 |   4672 |    309 |    822 |   3230 |   5 |  996.2 |
       Dungeon |   4903 |   4594 |    309 |    822 |   3155 |   4 | 1225.8 |
         Abyss |     78 |     78 |      0 |      0 |     75 |   1 |   78.0 |
               +--------+--------+--------+--------+--------+-----+--------+

Top non-repeatable levels by time:
     D:2: 1780 daAuts
     D:3: 1214 daAuts
     D:1: 1022 daAuts
     D:4: 886 daAuts
 Abyss:1: 78 daAuts
